 Dungeon Crawl Stone Soup version 0.31-a0-1009-g454b1f1e0a (webtiles) character file.

Game seed: 10467245490036736515

154 Gumption the Chiller (level 5, -1/38 HPs)
             Began as a Draconian Ice Elementalist on Nov 16, 2023.
             Succumbed to a killer bee's poison
             ... on level 4 of the Dungeon.
             The game lasted 00:24:32 (3057 turns).

Gumption the Chiller (Draconian Ice Elementalist)   Turns: 3057, Time: 00:24:32

Health: -1/38      AC:  5    Str: 10    XL:     5   Next: 13%
Magic:  6/9        EV: 12    Int: 18    God:
Gold:   187        SH:  0    Dex: 11    Spells: 5/9 levels left

rFire   . . .        i - +0 dagger
rCold   . . .        (no shield)
rNeg    . . .        (body armour unavailable)
rPois   .            (helmet restricted)
rElec   .            (no cloak)
rCorr   .            (no gloves)
SInv    .            (no boots)
Will    .....        e - amulet of magic regeneration
Stlth   ++           (no ring)
HPRegen 0.26/turn    (no ring)
MPRegen 0.51/turn

%: no passive effects
@: lethally poisoned (-1 -> -21), freezing walls
A: AC +5, unfitting armour, cold-blooded
a: no special abilities


You were on level 4 of the Dungeon.
You visited 1 branch of the dungeon, and saw 4 of its levels.

You collected 187 gold pieces.

Inventory:

Hand Weapons
 i - a +0 dagger (weapon)
Missiles
 d - 26 stones
 m - 3 curare-tipped darts
 n - a boomerang (quivered)
 q - 3 javelins
Jewellery
 e - an amulet of magic regeneration (around neck)
 o - a +6 ring of intelligence
Scrolls
 b - a scroll of amnesia {unknown}
 f - a scroll of noise {unknown}
 l - a scroll of blinking {unknown}
 p - a scroll of teleportation {unknown}
 r - a scroll of enchant weapon {unknown}
Potions
 a - a potion of magic
 c - a potion of enlightenment
 g - 3 potions of cancellation
 h - 2 potions of mutation
 k - 3 potions of curing
 s - 2 potions of might {unknown}


   Skills:
 + Level 2.8 Dodging
 - Level 1.7 Stealth
 + Level 2.9 Spellcasting
 * Level 5.4 Ice Magic


You had 5 spell levels left.
You knew the following spells:

 Your Spells              Type           Power      Damage    Failure   Level
a - Freeze                Ice            88%        1d9       1%          1
b - Frozen Ramparts       Ice            44%        1d7       5%          3

Your spell library contained the following spells:

 Spells                   Type           Power      Damage    Failure   Level
 Ozocubu's Armour         Ice            22%        N/A       5%          3
 Magic Dart               Conj           8%         1d3       17%         1
 Call Imp                 Summ           4%         N/A       26%         2
 Mephitic Cloud           Conj/Pois/Air  2%         N/A       45%         3
 Summon Ice Beast         Ice/Summ       12%        N/A       47%         4


Dungeon Overview and Level Annotations

Branches:
Dungeon (4/15)
 Temple: D:4-7

Altars:
Ru


Innate Abilities, Weirdness & Mutations

Your plain brown scales are hard. (AC +5)
You cannot fit into any form of body armour.
You are cold-blooded and may be slowed by cold attacks.


Message History

The wall freezes the killer bee.
The killer bee stings you!
* * * LOW HITPOINT WARNING * * *
You are poisoned.
The killer bee poisons you!
The wall freezes the killer bee.
The killer bee closely misses you.
The wall freezes the killer bee.
You hit the killer bee but do no damage.
Your tail-slap misses the killer bee.
The killer bee is almost dead.
You feel sick.
The wall freezes the killer bee but does no damage.
The killer bee barely misses you.
The wall freezes the killer bee. x2
The killer bee stings you!
* * * LOW HITPOINT WARNING * * *
You are lethally poisoned!
The killer bee poisons you!
The wall freezes the killer bee.
You kill the killer bee!
You have reached level 5!
Casting: Frozen Ramparts (dangerous; 5% risk of failure)
Confirm with . or Enter, or press ? or * to list all spells.
Aiming: Freeze (safe; 1% risk of failure)
Press: ? - help, Shift-Dir - straight line, f - killer bee
Aim: a killer bee (moderately wounded)
You freeze the killer bee.
The killer bee is heavily wounded.
* * * LOW HITPOINT WARNING * * *
You feel very sick.
The wall freezes the killer bee.
The killer bee stings you.
* * * LOW HITPOINT WARNING * * *
You are more poisoned.
The killer bee poisons you!
The wall freezes the killer bee.
The killer bee misses you.
Casting: Freeze (safe; 1% risk of failure)
Confirm with . or Enter, or press ? or * to list all spells.
Aiming: Freeze (safe; 1% risk of failure)
Press: ? - help, Shift-Dir - straight line, f/p - killer bee
Aim: a killer bee (heavily wounded)
You freeze the killer bee!
You kill the killer bee!
The killer bee buzzes angrily.
You die...

yy## #......
...###..#...
...##.......
..y.........
............ ####
###............
#..###........?.....
###.†...............
#@†.######........
###.### ##......#
#.#.# #....#..#
#...### #....##...
#..#..####....##....
#####.........##....
#...............
####...............
#..#...............


You could see a killer bee.

Vanquished Creatures
  2 killer bees (D:4)
  3 gnolls (D:3)
  An adder (D:3)
  2 worms
  2 dart slugs
  An orc (D:3)
  A ball python (D:3)
  3 bats
  3 endoplasms
  4 giant cockroaches
  10 hobgoblins
  3 jackals (D:2)
  4 quokkas
  3 goblins
  10 kobolds
  9 rats
61 creatures vanquished.

Notes
Turn   | Place    | Note
-------+----------+-------------------------------------------
     0 | D:1      | Gumption the Draconian Ice Elementalist began the quest for
                  | the Orb.
     0 | D:1      | Reached XP level 1. HP: 14/14 MP: 3/3
   439 | D:1      | Reached XP level 2. HP: 20/20 MP: 3/5
   696 | D:1      | Found a faded altar of an unknown god.
  1087 | D:2      | Reached XP level 3. HP: 26/26 MP: 4/6
  1701 | D:2      | Learned a level 3 spell: Frozen Ramparts
  2324 | D:3      | Reached XP level 4. HP: 33/33 MP: 7/7
  2355 | D:3      | Reached skill level 5 in Ice Magic
  2471 | D:3      | Found a sacrificial altar of Ru.
  3056 | D:4      | Reached XP level 5. HP: 11/38 MP: 7/9
  3057 | D:4      | Succumbed to a killer bee's poison

Illustrated notes

Levels and vault maps discovered:
D:1:      dpeg_arrival_brainrot, layout_rooms,
          ebering_ecumenical_altar_petrified, minmay_misc_feat_columns,
          minmay_pentomino_o2
D:2:      layout_rooms
D:3:      layout_basic, lemuel_crystal_altar, roderic_lattice_a
D:4:      layout_layer_cave, mainiacjoe_overflow_24_doors, lemuel_crystal_altar,
          gammafunk_ghost_mausoleum

Skill      XL: |  1  2  3  4 |
---------------+-------------+-----
Dodging        | 2 |  2.8
Ice Magic      | 5 |  5.4
Stealth        | |  1.7
Spellcasting   | |  2.9

Action                     |  1- 3 |  4- 6 || total
---------------------------+-------+-------++-------
  Melee: Dagger            |    46 |    30 ||    76
         Tailslap          |     4 |     7 ||    11
  Throw: Stone             |     2 |       ||     2
         Boomerang         |    12 |     1 ||    13
   Cast: Freeze            |    48 |     9 ||    57
         Frozen Ramparts   |     3 |     5 ||     8
    Use: Scroll            |       |     4 ||     4
   Stab: Sleeping          |     2 |       ||     2
 Armour: Skin              |    49 |    18 ||    67
  Dodge: Dodged            |    54 |    24 ||    78

Table legend: (Time is in decaauts)
 A = Elapsed time spent in this place.
 B = Non-inter-level travel time spent in this place.
 C = Inter-level travel time spent in this place.
 D = Time resting spent in this place.
 E = Time spent auto-exploring this place.
 F = Levels seen in this place.
 G = Mean time per level.
                   A        B        C        D        E       F      G
               +--------+--------+--------+--------+--------+-----+--------+
         Total |   3059 |   3059 |      0 |    574 |    637 |   4 |  764.8 |
       Dungeon |   3059 |   3059 |      0 |    574 |    637 |   4 |  764.8 |
               +--------+--------+--------+--------+--------+-----+--------+

Top non-repeatable levels by time:
     D:3: 1137 daAuts
     D:1: 1056 daAuts
     D:2: 686 daAuts
     D:4: 179 daAuts
